 Dungeon Crawl Stone Soup version 0.22-a0-824-g1ca9aab89c (webtiles) character file.

3 Holzbalken the Caller (level 1, -1/10 HPs)
             Began as a Tengu Summoner on July 24, 2018.
             Slain by a goblin
             ... wielding a +0 dagger
              (4 damage)
             ... on level 1 of the Dungeon.
             The game lasted 00:01:19 (131 turns).

Holzbalken the Caller (Tengu Summoner)               Turns: 131, Time: 00:01:19

Health: -1/10      AC:  5    Str:  8    XL:     1   Next: 50%
Magic:  4/4        EV: 10    Int: 15    God:
Gold:   0          SH:  0    Dex: 14    Spells: 3/4 levels left

rFire    . . .     SeeInvis .   e - +0 short sword
rCold    . . .     Gourm    .   (no shield)
rNeg     . . .     Faith    .   b - +0 ring mail (curse)
rPois    .         Spirit   .   (helmet restricted)
rElec    .         Reflect  .   (no cloak)
rCorr    .         Harm     .   (no gloves)
MR       .....                  (boots unavailable)
Stlth    +.........             (no amulet)
HPRegen  0.03/turn              (no ring)
MPRegen  0.09/turn              (no ring)

@: no status effects
A: beak, talons 3
a: no special abilities


You were on level 1 of the Dungeon.
You were not hungry.

You visited 1 branch of the dungeon, and saw 1 of its levels.

Inventory:

Hand Weapons
 e - a +0 short sword (weapon)
Armour
 a - a +0 robe
 b - a cursed +0 ring mail (worn)
Potions
 d - a potion of resistance {unknown}
Comestibles
 c - a ration
 f - 3 chunks of flesh


   Skills:
 + Level 2.2 Dodging
 - Level 2.0 Stealth
 * Level 2.1 Spellcasting
 * Level 4.9 Summonings


You had 3 spell levels left.
You knew the following spells:

 Your Spells              Type           Power        Failure   Level  Hunger
a - Summon Small Mammal   Summ           ###.         9%          1    #......

Your spell library contained the following spells:

 Spells                   Type           Power        Failure   Level  Hunger
 Summon Ice Beast         Ice/Summ       #.......     94%         4    #####..
 Call Imp                 Summ           ###.....     14%         2    ###....
 Call Canine Familiar     Summ           ###.....     26%         3    ###....
 Summon Lightning Spire   Summ/Air       #.......     94%         4    #####..
 Summon Guardian Golem    Hex/Summ       #.......     58%         3    ###....


Dungeon Overview and Level Annotations

Branches:
Dungeon (1/15)

Altars:


Innate Abilities, Weirdness & Mutations

You have a beak for a mouth.
You have claws for feet.


Message History

The goblin hits you but does no damage.
The giant cockroach bites you but does no damage.
Your bat hits the giant cockroach but does no damage.
The giant cockroach completely misses your bat.
The goblin closely misses you.
Your bat hits the giant cockroach but does no damage.
Your bat closely misses the giant cockroach.
The goblin barely misses your bat.
Your bat hits the giant cockroach but does no damage. x2
The giant cockroach closely misses your bat.
Your bat misses the goblin. The goblin hits your bat with a club.
Your bat dies!
Your bat's corpse disappears in a puff of smoke!
You hit the giant cockroach.
You kill the giant cockroach!
You barely miss the goblin. Your kick misses the goblin.
The goblin hits you with a dagger.
* * * LOW HITPOINT WARNING * * *
The goblin hits you with a dagger.
You die...

#..# ##.# #.# #
#.# #. #.#
###.### #.#
.....# #.#
#####.#.#####.#
........g@....#
#####..#g######
#.###.. ## ###


You could see 2 goblins.

Vanquished Creatures
  2 giant cockroaches (D:1)
  A rat (D:1)
3 creatures vanquished.

Notes
Turn   | Place    | Note
-------+----------+-------------------------------------------
     0 | D:1      | Holzbalken the Tengu Summoner began the quest for the Orb.
     0 | D:1      | Reached XP level 1. HP: 10/10 MP: 4/4
   131 | D:1      | Slain by a goblin

Vault maps used:
D:1:      saegor_arrival_simple_a, nemelex_xobeh_ov_fountains_minmay

Action                   || total
-------------------------++-------
Melee: Unarmed           ||    14
       Short sword       ||     9
       Kick              ||     5
       Peck              ||     3
 Cast: Summon Small Mamm ||     1
 Stab: Sleeping          ||     1
Armor: Ring mail         ||    12
Dodge: Dodged            ||    11

Table legend:
 A = Spawn XP
 B = Non-spawn XP
 C = Spawn XP percentage of total XP
 D = Spawn monster count
 E = Non-spawn monster count
 F = Spawn count percentage of total count
 G = Total turns spent on level
                    A         B        C        D         E        F      G
               +---------+---------+-------+---------+---------+-------+---------
         Total |       0 |       5 |   0.0 |       0 |       3 |   0.0 |   131
               +---------+---------+-------+---------+---------+-------+---------
           D:1 |       0 |       5 |   0.0 |       0 |       3 |   0.0 |   131
               +---------+---------+-------+---------+---------+-------+---------
